 Dungeon Crawl Stone Soup version 0.29.1-12-g30fa7ad0bf (webtiles) character file.

Game seed: 4007845231880083252

116 booth the Gusty (level 4, -12/28 (34) HPs)
             Began as a Draconian Air Elementalist on Dec 20, 2022.
             Killed by divine providence
             ... invoked by an orc priest
              (17 damage)
             ... on level 3 of the Dungeon.
             The game lasted 00:26:15 (2716 turns).

booth the Gusty (Draconian Air Elementalist)        Turns: 2716, Time: 00:26:16

HP:   -12/28 (34)   AC:  5    Str: 11    XL:     4   Next: 69%
MP:   4/7           EV: 12    Int: 17    God:
Gold: 70            SH:  5    Dex: 11    Spells: 1/7 levels left

rFire   . . .      SeeInvis .   j - staff of air
rCold   . . .      Faith    .   (no shield)
rNeg    . . .      Spirit   .   (body armour unavailable)
rPois   .          Reflect  +   (helmet restricted)
rElec   +          Harm     .   (no cloak)
rCorr   .          Rampage  .   (no gloves)
Will    .....                   (no boots)
Stlth   ++........              c - amulet of reflection
HPRegen 0.09/turn               (no ring)
MPRegen 0.10/turn               (no ring)

@: heavily drained
A: AC +5, unfitting armour, cold-blooded
a: no special abilities


You were on level 3 of the Dungeon.
You visited 1 branch of the dungeon, and saw 3 of its levels.

You collected 70 gold pieces.

Inventory:

Hand Weapons
 b - a +0 dagger
 h - a +0 mace
Missiles
 f - 5 poisoned darts
 n - 3 boomerangs
Magical Staves
 j - a staff of air (weapon)
 l - a staff of conjuration
Jewellery
 c - an amulet of reflection (around neck)
 i - a ring of protection from cold
Scrolls
 m - a scroll of identify
 o - a scroll of enchant armour {unknown}
Potions
 a - a potion of magic
 d - a potion of cancellation
 e - a potion of lignification {unknown}
 g - a potion of degeneration {unknown}
 k - 2 potions of haste {unknown}


   Skills:
 + Level 0.7 Fighting
 + Level 0.1 Staves
 + Level 2.2 Dodging
 + Level 2.4 Stealth
 + Level 2.4 Spellcasting
 + Level 2.1 Conjurations
 + Level 3.9 Air Magic


You had one spell level left.
You knew the following spells:

 Your Spells              Type           Power      Damage    Failure   Level
a - Shock                 Conj/Air       72%        1d7       5%          1
b - Static Discharge      Conj/Air       18%        3-6/arc   8%          2
c - Swiftness             Air            23%        N/A       11%         3

Your spell library contained the following spells:

 Spells                   Type           Power      Damage    Failure   Level
 Conjure Flame            Conj/Fire      5%         6-21      34%         3
 Dazzling Flash           Conj/Hex       10%        N/A       34%         3
 Airstrike                Air            11%        2d(2-18)  36%         4
 Ignite Poison            Fire/Tmut/Pois 2%         N/A       50%         3
 Sticky Flame             Conj/Fire      5%         2d3       75%         4
 Dispel Undead            Necr           2%         3d7       88%         4
 Silence                  Hex/Air        6%         N/A       92%         5
 Agony                    Necr           2%         N/A       99%         5


Dungeon Overview and Level Annotations

Branches:
Dungeon (3/15)

Altars:

Annotations:
D:3 1 runed translucent door


Innate Abilities, Weirdness & Mutations

Your plain brown scales are hard. (AC +5)
You cannot fit into any form of body armour.
You are cold-blooded and may be slowed by cold attacks.


Message History

You hear some strange, mumbled words.
A puff of flame appears from out of thin air!
The puff of flame hits you.
You hit something but do no damage.
Something is electrocuted.
You hear some strange, mumbled words.
Something tries to affect you, but you resist.
You hit something.
Your tail-slap misses something.
You hear some strange, mumbled words.
You are confused.
The orc priest invokes the aid of Beogh against you.
Something writhes in agony!
You completely miss something.
The orc priest calls upon Beogh to heal the orc.
The orc's wounds heal themselves!
You hear some strange, mumbled words.
A puff of flame appears from out of thin air!
The puff of flame hits you.
You hear a shout!
You're too confused to cast spells.
Sorry, you're not good enough to have a special ability.
Unknown command.
You bump into the rock wall.
Something hits you but does no damage.
You feel drained.
You completely miss something. Something hits you.
You feel drained.
You bump into the rock wall.
Something hits you.
You feel drained.
You bump into the rock wall.
Something hits you.
You feel drained.
You bump into the rock wall.
You feel less confused. Something hits you.
* * * LOW HITPOINT WARNING * * *
You feel drained.
* * * LOW HITPOINT WARNING * * *
You hit something.
Reactivating autopickup.
You feel a bit more experienced. The orc priest closely misses you.
You closely miss the orc priest.
Your tail-slap misses the orc priest.
The orc priest mumbles some strange prayers to Beogh against you.
Beogh smites you!
Ouch! That really hurt!
You die...

.......#.#.# o..o.... ...
##.#...#.#.#
.o.>..#.#.#.#...P~≈# # ..
#.#o.... .#.#....~≈# .#
...##.#...# .#.#....~≈# .o#
..........###...#....~≈#####≈
.........ooo@.#.#....~~~≈≈≈≈≈
.##...#...#####.#....~~~~~~~~
##+ #...#####.#.....P......
#r #..)................... #
#.#.#####.#####.....#.#
#.........# #.....#.#
#....###..# #.....#.#
#.#..###..#####.....#.#
#.............†.....+..


You could see an orc priest and 2 orcs.

Vanquished Creatures
  An orc wizard (D:3)
  4 adders (D:2)
  3 worms (D:2)
  A dart slug (D:1)
  6 orcs (D:3)
  2 giant cockroaches
  A hobgoblin (D:1)
  4 jackals (D:2)
  2 ball pythons (D:1)
  6 bats
  2 frilled lizards (D:1)
  10 goblins
  8 kobolds
  5 rats
55 creatures vanquished.

Notes
Turn   | Place    | Note
-------+----------+-------------------------------------------
     0 | D:1      | booth the Draconian Air Elementalist began the quest for
                  | the Orb.
     0 | D:1      | Reached XP level 1. HP: 14/14 MP: 3/3
   474 | D:1      | Reached XP level 2. HP: 20/20 MP: 1/5
   555 | D:1      | Found a faded altar of an unknown god.
   574 | D:1      | Got Plato's Quarto of the Welkin
  1083 | D:2      | Reached XP level 3. HP: 26/26 MP: 2/6
  1283 | D:2      | Learned a level 2 spell: Static Discharge
  1441 | D:2      | Identified a scroll of acquirement
  1441 | D:2      | Acquired a staff of air
  1448 | D:2      | Learned a level 3 spell: Swiftness
  2031 | D:2      | Reached XP level 4. HP: 31/33 MP: 4/7
  2690 | D:3      | Found a runed translucent door.
  2716 | D:3      | Killed from afar by an orc priest

Illustrated notes

Levels and vault maps discovered:
D:1:      eino_arrival_cavern_c, layout_basic,
          shapermc_ecumenical_altar_rom_forum, nicolae_kite_square_tiling_tiny
D:2:      layout_loops_ring, serial_co_window_serial, co_window_paths_a,
          co_window_of_opportunity_a, co_window_paths_b, co_window_paths_b,
          co_window_paths_b, co_window_unsneaky_path_e, co_window_corner_b,
          co_window_broadway_b, co_window_2corner, co_window_4corner_b,
          glass_columns_a, glass_columns_b, glass_columns_c, glass_columns_a,
          glass_columns_a, minmay_pentomino_o4
D:3:      lemuel_castle_with_subvaults [lemuel_castle_interior_carwin_3],
          layout_basic, zin_angel, grunt_temple_overflow_cloverleaf,
          portal_sewer_entry_d, serial_shops, nicolae_shop_advertising_works
          [nicolae_subvault_shop_adworks], ebering_ghost_sewer_f,
          minmay_bisected

Skill      XL: |  1  2  3  4 |
---------------+-------------+-----
Dodging        | 2 |  2.2
Stealth        | 2 |  2.4
Conjurations   | 2 |  2.1
Fighting       | |  0.7
Staves         | |  0.1
Spellcasting   | |  2.4
Air Magic      | |  3.9

Action                   |  1- 3 |  4- 6 || total
-------------------------+-------+-------++-------
Melee: Dagger            |    36 |       ||    36
       Tailslap          |     9 |       ||     9
       Staff             |    14 |    11 ||    25
Throw: Dart              |     1 |       ||     1
 Cast: Shock             |    48 |    21 ||    69
  Use: Scroll            |     2 |     3 ||     5
       Potion            |       |     3 ||     3
 Stab: Sleeping          |     3 |       ||     3
Armor: Skin              |    13 |     6 ||    19
Dodge: Dodged            |    29 |     7 ||    36
Block: Other             |     8 |       ||     8
